 Dungeon Crawl Stone Soup version 0.22-a0-422-g9628fc8 (webtiles) character file.

53 4thArraOfDagon the Firebug (level 3, -6/19 HPs)
             Began as a Deep Elf Fire Elementalist on May 16, 2018.
             Mangled by a gnoll
             ... wielding a +0 club
              (9 damage)
             ... on level 3 of the Dungeon.
             The game lasted 00:01:30 (257 turns).

4thArraOfDagon the Firebug (DEFE)                    Turns: 257, Time: 00:01:31

Health: -6/19      AC:  2    Str:  5    XL:     3   Next: 62%
Magic:  1/10       EV: 13    Int: 20    God:
Gold:   15         SH:  0    Dex: 15    Spells: 5/9 levels left

rFire    . . .     SeeInvis .   (no weapon)
rCold    . . .     Gourm    .   (no shield)
rNeg     . . .     Faith    .   a - +0 robe
rPois    .         Spirit   .   (no helmet)
rElec    .         Reflect  .   (no cloak)
rCorr    .         Harm     .   (no gloves)
MR       .....                  (no boots)
Stlth    ++........             (no amulet)
HPRegen  0.06/turn              (no ring)
MPRegen  0.12/turn              (no ring)

@: no status effects
A: no striking features
a: no special abilities


You were on level 3 of the Dungeon.
You were not hungry.

You visited 1 branch of the dungeon, and saw 3 of its levels.

You collected 15 gold pieces.

Inventory:

Armour
 a - a +0 robe (worn)
Scrolls
 b - a scroll of identify {unknown}
Comestibles
 c - 2 rations


   Skills:
 - Level 2.4 Dodging
 - Level 2.4 Stealth
 + Level 3.6 Spellcasting
 * Level 2.6 Conjurations
 * Level 4.1 Fire Magic


You had 5 spell levels left.
You knew the following spells:

 Your Spells              Type           Power        Failure   Level  Hunger
a - Flame Tongue          Conj/Fire      ###..        3%          1    None
b - Conjure Flame         Conj/Fire      ###.....     10%         3    ###....

Your spell library contained the following spells:

 Spells                   Type           Power        Failure   Level  Hunger
 Fireball                 Conj/Fire      ###.......   67%         5    ######.
 Throw Flame              Conj/Fire      ###...       4%          2    ##.....
 Sticky Flame             Conj/Fire      ###.....     32%         4    ####...
 Inner Flame              Hex/Fire       ##......     17%         3    ###....


Dungeon Overview and Level Annotations

Branches:
Dungeon (3/15)

Altars:
Makhleb
Qazlal

Annotations:
D:2 Sigmund, Terence


Message History

Aim: a gnoll, wielding a halberd (severely wounded)
The flame tongue hits the gnoll.
You kill the gnoll!
The hobgoblin closely misses you.
Casting: Flame Tongue (safe; 3% risk of failure)
Confirm with . or Enter, or press ? or * to list all spells.
Aiming: Flame Tongue (safe; 3% risk of failure)
Press: ? - help, Shift-Dir - straight line, f - hobgoblin
Aim: a hobgoblin, wielding a club The flame tongue hits the hobgoblin.
You kill the hobgoblin!
Casting: Flame Tongue (safe; 3% risk of failure)
Confirm with . or Enter, or press ? or * to list all spells.
Aiming: Flame Tongue (safe; 3% risk of failure)
Press: ? - help, Shift-Dir - straight line, f - gnoll
Aim: a gnoll, wielding a club The flame tongue hits the gnoll.
The gnoll is moderately wounded.
The gnoll hits you with a club!
You die...

.. #.# #.# # ######
#.# .# ...$..# #.# .#
#......####.##.#
#..............##.#.
#....g####.<.......%
#.....@.ยง)..#.##.#.#.
#.#.#######.#........
#.#.......?
#.#...g....
#.##.......##
#.##........
#....#.###. ####.# ...
#.# #.#


You could see a gnoll.

Vanquished Creatures
  A gnoll (D:3)
  3 adders
  A worm (D:2)
  A leopard gecko (D:3)
  A giant cockroach (D:3)
  2 hobgoblins (D:3)
  2 jackals (D:3)
  2 rats
13 creatures vanquished.

Notes
Turn   | Place    | Note
-------+----------+-------------------------------------------
     0 | D:1      | 4thArraOfDagon the Deep Elf Fire Elementalist began the quest for the Orb.
     0 | D:1      | Reached XP level 1. HP: 10/10 MP: 6/6
     8 | D:2      | Noticed Terence
    15 | D:2      | Found a stormy altar of Qazlal.
    26 | D:2      | Noticed Sigmund
    46 | D:2      | Reached XP level 2. HP: 15/15 MP: 5/8
    86 | D:2      | Found a burning altar of Makhleb.
   168 | D:3      | Reached XP level 3. HP: 12/19 MP: 1/9
   173 | D:3      | Learned a level 3 spell: Conjure Flame
   187 | D:3      | Reached skill level 4 in Fire Magic
   257 | D:3      | Mangled by a gnoll

Vault maps used:
D:1:      shiori_arrival_maze
D:2:      nicolae_qazlal_general_emergency, lemuel_doored_altar,
          supply_closet_lemuel, uniq_terence, uniq_sigmund
D:3:      okawaru_gym_becter, first_ration, trog_hazing_becter

Skill      XL: |  1  2  3 |
---------------+----------+-----
Conjurations   | 2 |  2.6
Fire Magic     | 4 |  4.1
Dodging        | |  2.4
Stealth        | |  2.4
Spellcasting   | |  3.6

Action                   || total
-------------------------++-------
Melee: Unarmed           ||     4
 Cast: Flame Tongue      ||    29
       Conjure Flame     ||     1
  Use: Potion            ||     1
Armor: Robe              ||     3
Dodge: Dodged            ||    27

Table legend:
 A = Spawn XP
 B = Non-spawn XP
 C = Spawn XP percentage of total XP
 D = Spawn monster count
 E = Non-spawn monster count
 F = Spawn count percentage of total count
 G = Total turns spent on level
                    A         B        C        D         E        F      G
               +---------+---------+-------+---------+---------+-------+---------
         Total |       0 |      76 |   0.0 |       0 |      13 |   0.0 |   257
               +---------+---------+-------+---------+---------+-------+---------
           D:2 |       0 |      20 |   0.0 |       0 |       3 |   0.0 |    89
           D:3 |       0 |      56 |   0.0 |       0 |      10 |   0.0 |   160
               +---------+---------+-------+---------+---------+-------+---------
